 Dungeon Crawl Stone Soup version 0.29.1-1-gd02db6906a (webtiles) character file.

Game seed: 11245511966098336251

314 RogueRain17 the Conjurer (level 6, -1/41 HPs)
             Began as a Demonspawn Conjurer on Sept 24, 2022.
             Slain by Pikel
             ... wielding a +2 whip of freezing
              (3 damage)
             ... on level 3 of the Dungeon.
             The game lasted 00:08:46 (4907 turns).

RogueRain17 the Conjurer (Demonspawn Conjurer)      Turns: 4907, Time: 00:08:47

Health: -1/41      AC:  7    Str:  7    XL:     6   Next: 19%
Magic:  0/9        EV: 17    Int: 22    God:
Gold:   183        SH:  4    Dex: 11    Spells: 6/9 levels left

rFire   . . .      SeeInvis .   r - +0 spear
rCold   . . .      Faith    .   (no shield)
rNeg    . . .      Spirit   .   a - +0 robe
rPois   .          Reflect  .   c - +0 helmet
rElec   .          Harm     .   e - +0 cloak
rCorr   .          Rampage  .   o - +2 pair of gloves
Will    .....                   (no boots)
Stlth   ++........              (no amulet)
HPRegen 0.13/turn               (no ring)
MPRegen 0.11/turn               (no ring)

@: agile
A: powered by pain 1, condensation shield
a: no special abilities


You were on level 3 of the Dungeon.
You visited 1 branch of the dungeon, and saw 4 of its levels.

You collected 183 gold pieces.

Inventory:

Hand Weapons
 r - a +0 spear (weapon)
Armour
 a - a +0 robe (worn)
 c - a +0 helmet (worn)
 e - a +0 cloak (worn)
 o - a +2 pair of gloves (worn)
Jewellery
 b - a ring of positive energy
 j - a ring of ice
Scrolls
 d - a scroll of fog
 i - a scroll of noise
 l - a scroll of blinking
 m - 3 scrolls of vulnerability
 p - a scroll of teleportation
Potions
 f - a potion of ambrosia {unknown}
 g - a potion of brilliance {unknown}
 h - a potion of degeneration {unknown}
 k - 3 potions of curing {unknown}
 n - a potion of might {unknown}
 q - a potion of flight {unknown}


   Skills:
 - Level 1.7 Dodging
 - Level 1.7 Stealth
 - Level 2.0 Spellcasting
 + Level 7.5 Conjurations


You had 6 spell levels left.
You knew the following spells:

 Your Spells              Type           Power      Damage    Failure   Level
a - Magic Dart            Conj           100%       1d8       1%          1
b - Searing Ray           Conj           70%        2d7       1%          2

Your spell library contained the following spells:

 Spells                   Type           Power      Damage    Failure   Level
 Foxfire                  Conj/Fire      72%        2x1d7     3%          1
 Conjure Flame            Conj/Fire      18%        6-21      9%          3
 Dazzling Flash           Conj/Hex       36%        N/A       9%          3
 Freeze                   Ice            8%         1d3       14%         1
 Sting                    Tmut/Pois      8%         1d3       14%         1
 Ensorcelled Hibernation  Hex/Ice        4%         N/A       21%         2
 Passwall                 Tmut/Erth      1%         N/A       21%         2
 Poisonous Vapours        Pois/Air       4%         N/A       21%         2
 Fulminant Prism          Conj/Hex       9%         3d7       28%         4
 Hailstorm                Conj/Ice       18%        3d6       28%         4
 Iskenderun's Mystic Bla  Conj/Tloc      18%        2d6       28%         4
 Sticky Flame             Conj/Fire      18%        2d4       28%         4
 Frozen Ramparts          Ice            4%         1d1       38%         3
 Ignite Poison            Fire/Tmut/Pois 2%         N/A       38%         3
 Spider Form              Tmut/Pois      2%         N/A       38%         3
 Swiftness                Air            2%         N/A       38%         3
 Anguish                  Hex/Necr       1%         N/A       80%         4
 Olgreb's Toxic Radiance  Pois           2%         N/A       80%         4
 Freezing Cloud           Conj/Ice/Air   6%         6-21      80%         5
 Enfeeble                 Hex            1%         N/A       100%        7
 Fire Storm               Conj/Fire      9%         8d2       100%        9


Dungeon Overview and Level Annotations

Branches:
Dungeon (4/15)
 Temple: D:4-7

Altars:
Fedhas
Kikubaaqudgha
Qazlal

Annotations:
D:3 1 runed translucent door, Crazy Yiuf, Pikel


Innate Abilities, Weirdness & Mutations

You sometimes gain a little power by taking damage.
A meltable shield of frost defends you. (SH +4)


Message History

Pikel closely misses you.
You barely miss Pikel.
Pikel is almost dead.
Pikel hits you with a +2 whip of freezing.
Pikel freezes you. Pikel attacks as you move away!
Pikel hits you but does no damage. Pikel attacks as you move away!
Pikel closely misses you. Pikel attacks as you move away!
Pikel hits you with a +2 whip of freezing.
* * * LOW HITPOINT WARNING * * *
Pikel freezes you.
* * * LOW HITPOINT WARNING * * *
Blink to where?
Press: ? - help, Dir - move target, p - Pikel
As you read the scroll of blinking, it crumbles to dust.
r - a +0 spear
r - a +0 spear (weapon)
You are too injured to fight recklessly!
You are too injured to fight recklessly!
Aiming: Magic Dart (safe; 1% risk of failure)
Press: ? - help, Q - select action, (/) - cycle Shift-Dir - straight line, f - Pikel
Aim: Pikel, wielding a +2 whip of freezing and wearing a +0 robe (almost dead, 100% to hit)
The magic dart hits Pikel but does no damage.
Pikel is almost dead.
You are too injured to fight recklessly!
You are too injured to fight recklessly!
Reach: r) +0 spear
Press: ? - help, Dir - move target, f/p - Pikel
Aim: Pikel, wielding a +2 whip of freezing and wearing a +0 robe (almost dead, about 50% to evade your +0 spear)
You reach to attack!
You hit Pikel but do no damage.
Pikel is almost dead.
Reach: r) +0 spear
Press: ? - help, Dir - move target, f/p - Pikel
Aim: Pikel, wielding a +2 whip of freezing and wearing a +0 robe (almost dead, about 50% to evade your +0 spear)
You hit Pikel but do no damage.
Pikel is almost dead.
Pikel hits you with a +2 whip of freezing.
* * * LOW HITPOINT WARNING * * *
Pikel freezes you.
You die...

##>#.## #.# ##.##
#.#####
##.############.....#
#............######.#
#
#..###.......######.#
##
#..###.......##.....#
.#
##..#.........##.#####
.###...#.#.......##.#
.........#....(K@##.#
####.............##.#
#.##############.# #.#
##########.# #
#.#####.......##.# #
#.##......###.##.# #
#..<....#.###.##.#
#######.##..........#
..# #.##.#.###.####


You could see Pikel.

Vanquished Creatures
  An ogre (D:4)
  2 lemures (D:3)
  A scorpion (D:4)
  An orc priest (D:4)
  An orc wizard (D:4)
  Robin (D:3)
  3 adders
  2 worms
  2 dart slugs (D:2)
  2 orcs (D:4)
  4 ball pythons
  5 bats
  7 endoplasms
  4 giant cockroaches
  10 goblins
  8 hobgoblins
  3 jackals (D:2)
  A quokka (D:1)
  2 frilled lizards
  6 kobolds
  4 rats
70 creatures vanquished.

Notes
Turn   | Place    | Note
-------+----------+-------------------------------------------
     0 | D:1      | RogueRain17 the Demonspawn Conjurer began the quest for the
                  | Orb.
     0 | D:1      | Reached XP level 1. HP: 13/13 MP: 3/3
   451 | D:1      | Gained mutation: A meltable shield of frost defends you.
                  | (SH +4) [demonic ancestry]
   451 | D:1      | Reached XP level 2. HP: 19/19 MP: 3/5
  1422 | D:2      | Reached skill level 5 in Conjurations
  1436 | D:2      | Reached XP level 3. HP: 16/24 MP: 0/6
  1536 | D:2      | Learned a level 2 spell: Searing Ray
  1684 | D:2      | Found an ancient bone altar of Kikubaaqudgha.
  2295 | D:3      | Got Sif Muna's Octavo of Icy Embers
  2558 | D:3      | Noticed Robin
  2591 | D:3      | Killed Robin
  2592 | D:3      | Reached XP level 4. HP: 30/30 MP: 1/7
  3170 | D:3      | Reached skill level 6 in Conjurations
  3243 | D:3      | Found a runed translucent door.
  3244 | D:3      | Noticed Crazy Yiuf
  3550 | D:4      | Found a stormy altar of Qazlal.
  3558 | D:4      | Noticed an ogre
  3701 | D:4      | Noticed a scorpion
  3712 | D:4      | Killed a scorpion
  3713 | D:4      | Reached XP level 5. HP: 30/35 MP: 0/8
  3794 | D:4      | Killed an ogre
  3795 | D:4      | Reached skill level 7 in Conjurations
  3867 | D:4      | Noticed a lemure
  3940 | D:4      | Gained mutation: You sometimes gain a little power by
                  | taking damage. [demonic ancestry]
  3940 | D:4      | Reached XP level 6. HP: 20/41 MP: 3/9
  4156 | D:4      | Found a blossoming altar of Fedhas.
  4376 | D:4      | Noticed Pikel
  4722 | D:4      | Noticed an ice beast
  4907 | D:3      | HP: 2/41 [Pikel/+2 whip of freezing (6)]
  4907 | D:3      | Slain by Pikel

Illustrated notes

Levels and vault maps discovered:
D:1:      dpeg_arrival_rooms_b, layout_basic, minivault_24
D:2:      layout_loops_cross, basic_altar
D:3:      layout_loops_cross, minmay_checkerbox, uniq_robin,
          uniq_crazy_yiuf_cottage
D:4:      layout_gridville, nicolae_qazlal_general_emergency,
          nicolae_dithmenos_shadow_blocks, fedhas_altar_4, uniq_pikel

Skill      XL: |  1  2  3  4  5 |
---------------+----------------+-----
Conjurations   | 5 6 7 |  7.5
Dodging        | |  1.7
Stealth        | |  1.7
Spellcasting   | |  2.0

Action                   |  1- 3 |  4- 6 || total
-------------------------+-------+-------++-------
Melee: Unarmed           |    32 |    11 ||    43
       Spear             |       |     2 ||     2
 Cast: Magic Dart        |    92 |    49 ||   141
       Searing Ray       |     1 |    10 ||    11
  Use: Scroll            |       |     8 ||     8
       Potion            |       |     1 ||     1
Armor: Robe              |    14 |    16 ||    30
Dodge: Dodged            |    32 |    38 ||    70
Block: Other             |     2 |    12 ||    14
